 Dungeon Crawl Stone Soup version 0.29.1-12-g30fa7ad0bf (webtiles) character file.

Game seed: 1111998039507571273

324 Jaijje the Poker (level 6, 0/47 HPs)
             Began as a Demonspawn Abyssal Knight on Jan 6, 2023.
             Was a Believer of Lugonu.
             Slain by a gnoll
             ... wielding a +0 whip
             ... led by a gnoll bouda
              (5 damage)
             ... on level 5 of the Dungeon.
             The game lasted 00:06:51 (4401 turns).

Jaijje the Poker (Demonspawn Abyssal Knight)        Turns: 4401, Time: 00:06:53

Health: 0/47       AC:  5    Str: 16    XL:     6   Next: 23%
Magic:  7/7        EV: 12    Int: 11    God:    Lugonu [**....]
Gold:   244        SH:  0    Dex: 13    Spells: 5/5 levels left

rFire   . . .      SeeInvis .   a - +1 spear
rCold   . . .      Faith    .   (no shield)
rNeg    . . .      Spirit   .   b - +0 leather armour
rPois   .          Reflect  .   (no helmet)
rElec   .          Harm     .   p - +1 cloak
rCorr   .          Rampage  .   (no gloves)
Will    .....                   (no boots)
Stlth   +.........              (no amulet)
HPRegen 0.15/turn               (no ring)
MPRegen 0.10/turn               (no ring)

@: attractive
A: demonic guardian 1, demonic touch 1
a: Renounce Religion, Depart the Abyss, Bend Space


You were on level 5 of the Dungeon.
You worshipped Lugonu.
Lugonu was pleased with you.
You visited 1 branch of the dungeon, and saw 5 of its levels.
You visited the Abyss 1 time.

You collected 244 gold pieces.

Inventory:

Hand Weapons
 a - a +1 spear (weapon)
Armour
 b - a +0 leather armour (worn)
 p - a +1 cloak (worn)
Jewellery
 c - an amulet of the acrobat
 e - a ring of resist corrosion
 h - a +6 ring of dexterity
Scrolls
 d - 2 scrolls of enchant armour
 f - 2 scrolls of noise {unknown}
 g - a scroll of summoning {unknown}
 i - 3 scrolls of identify {unknown}
 l - 2 scrolls of silence {unknown}
 o - a scroll of enchant weapon {unknown}
 q - a scroll of fear {unknown}
 s - a scroll of brand weapon {unknown}
Potions
 j - a potion of degeneration {unknown}
 m - a potion of flight
 r - a potion of cancellation {unknown}


   Skills:
 - Level 3.2 Fighting
 * Level 5.6 Polearms
 - Level 1.9 Armour
 + Level 1.9 Dodging
 - Level 2.4 Invocations


You had 5 spell levels left.
You didn't know any spells.
Your spell library contained the following spells:

 Spells                   Type           Power      Damage    Failure   Level
 Static Discharge         Conj/Air       0%         3-3/arc   54%         2
 Frozen Ramparts          Ice            0%         1d1       78%         3
 Portal Projectile        Hex/Tloc       0%         N/A       78%         3
 Tukima's Dance           Hex            0%         N/A       78%         3
 Dispel Undead            Necr           0%         3d6       99%         4
 Ice Form                 Ice/Tmut       0%         N/A       99%         4
 Sticky Flame             Conj/Fire      0%         2d3       99%         4
 Summon Ice Beast         Ice/Summ       0%         N/A       99%         4
 Blade Hands              Tmut           0%         N/A       100%        5


Dungeon Overview and Level Annotations

Branches:
Dungeon (5/15)
 Temple: D:4-7

Altars:
Okawaru

Shops:
D:3 ((


Innate Abilities, Weirdness & Mutations

A weak demonic guardian rushes to your aid.
Your touch may inflict minor irresistible damage on your foes.


Message History

The gnoll hits you with a +0 spear.
You barely miss the gnoll.
You touch the gnoll!
The gnoll is almost dead.
The gnoll barely misses you.
You hit the gnoll but do no damage.
The gnoll is almost dead.
The gnoll hits you with a +0 spear.
You hit the gnoll but do no damage.
The gnoll is almost dead.
The gnoll closely misses you.
You hit the gnoll.
You kill the gnoll!
Lugonu accepts your kill. The gnoll is attracted toward you.
You hit the gnoll but do no damage.
Your attacks no longer feel as feeble.
The gnoll hits you from afar with a +0 vampiric halberd.
The gnoll hits you with a +0 whip!
* * * LOW HITPOINT WARNING * * *
You hit the gnoll but do no damage.
The gnoll hits you from afar with a +0 vampiric halberd.
* * * LOW HITPOINT WARNING * * *
The gnoll hits you with a +0 whip.
* * * LOW HITPOINT WARNING * * *
A demonic guardian appears!
You swap places.
Your quasit bites the gnoll.
Your quasit claws the gnoll but does no damage.
Your quasit barely misses the gnoll.
The gnoll completely misses your quasit.
Your quasit bites the gnoll.
Your quasit claws the gnoll but does no damage.
Your quasit misses the gnoll. The gnoll barely misses your quasit.
The gnoll is attracted toward you. x2
You hit the gnoll.
The gnoll is heavily wounded.
Your quasit bites the gnoll.
Your quasit barely misses the gnoll.
Your quasit claws the gnoll.
The gnoll completely misses your quasit.
The gnoll hits you with a +0 whip.
You die...

.## ..###### ...# ##.
.......# #..# #..
#....... #..###.##.. ..#
######.. #.<..l.... ##
#.# ##### ####.#####
..##.#######...# #
....$........#
##########.#######...#
#.[..@g5g§§...........
....########..##########
. #..# ......>.##
#######.. ##g# g( ...
...


You could see 2 gnolls and a friendly quasit (summoned).

Vanquished Creatures
  A black bear (D:5)
  2 hounds
  A gnoll bouda (D:5)
  2 adders
  2 gnolls (D:5)
  2 worms
  2 dart slugs
  3 orcs
  2 ball pythons
  7 bats
  4 endoplasms
  4 giant cockroaches
  6 goblins
  6 hobgoblins
  2 jackals (D:1)
  4 kobolds
  4 quokkas
  A frilled lizard (D:2)
  A rat (D:1)
56 creatures vanquished.

Vanquished Creatures (collateral kills)
  An iguana (D:5)
1 creature vanquished.

Grand Total: 57 creatures vanquished

Notes
Turn   | Place    | Note
-------+----------+-------------------------------------------
     0 | Abyss:1  | Jaijje the Demonspawn Abyssal Knight began the quest for
                  | the Orb.
     0 | Abyss:1  | Reached XP level 1. HP: 18/18 MP: 2/2
    62 | Abyss:1  | Noticed a worldbinder
    64 | D:1      | Escaped the Abyss
   156 | D:1      | Found a faded altar of an unknown god.
   195 | D:1      | You fall into a shaft and drop 1 floor!
   281 | D:2      | Reached skill level 2 in Polearms
   288 | D:2      | Gained mutation: Your touch may inflict minor irresistible
                  | damage on your foes. [demonic ancestry]
   288 | D:2      | Reached XP level 2. HP: 17/24 MP: 3/3
   387 | D:2      | Reached skill level 1 in Dodging
   781 | D:2      | Reached XP level 3. HP: 29/29 MP: 4/4
  1078 | D:1      | Reached skill level 3 in Polearms
  2158 | D:3      | Found Negei's Weapon Shop.
  2568 | D:3      | Found Wak Domp's Antique Weapon Boutique.
  2726 | D:4      | Gained mutation: A weak demonic guardian rushes to your
                  | aid. [demonic ancestry]
  2726 | D:4      | Reached XP level 4. HP: 32/35 MP: 5/5
  2747 | D:4      | Reached skill level 4 in Polearms
  3241 | D:4      | Found an iron altar of Okawaru.
  3596 | D:4      | Noticed a black bear
  3627 | D:5      | Entered Level 5 of the Dungeon
  3627 | D:5      | Noticed a wyvern
  3918 | D:5      | Reached XP level 5. HP: 36/41 MP: 6/6
  4143 | D:5      | Noticed a black bear
  4164 | D:5      | Killed a black bear
  4165 | D:5      | Reached skill level 5 in Polearms
  4165 | D:5      | Reached XP level 6. HP: 20/47 MP: 7/7
  4401 | D:5      | Slain by a gnoll

Illustrated notes

Levels and vault maps discovered:
D:1:      minmay_arrival_semitransparent, layout_loops_corners,
          chequers_ecumenical_altar_simple_redux
D:2:      layout_loops_cross
D:3:      layout_rooms, serial_shops, nicolae_shop_stone, nicolae_square_shop
D:4:      layout_basic, kennysheep_mini_moat
D:5:      layout_rooms, gammafunk_temple_overflow_arena, uniq_blork_the_orc,
          uniq_prince_ribbit1, uniq_eustachio

Skill      XL: |  1  2  3  4  5 |
---------------+----------------+-----
Polearms       | 2 3 4 5 |  5.6
Dodging        | 1 |  1.9
Fighting       | |  3.2
Armour         | |  1.9
Invocations    | |  2.4

Action                   |  1- 3 |  4- 6 || total
-------------------------+-------+-------++-------
Melee: Spear             |   125 |    84 ||   209
       Touch             |     9 |    14 ||    23
       Punch             |     1 |       ||     1
Invok: Depart the Abyss  |     1 |       ||     1
  Use: Potion            |       |     4 ||     4
       Scroll            |       |     1 ||     1
 Stab: Sleeping          |     1 |       ||     1
Armor: Leather armour    |    23 |    17 ||    40
Dodge: Dodged            |    46 |    53 ||    99
